 Dungeon Crawl Stone Soup version 0.19.5 (webtiles) character file.

466 WarriorsX the Skirmisher (level 7, -8/60 HPs)
             Began as a Human Fighter on Apr 9, 2017.
             Mangled by an ogre
             ... wielding a +0 giant club
              (14 damage)
             ... on level 4 of the Dungeon.
             The game lasted 00:08:09 (4155 turns).

WarriorsX the Skirmisher (Human Fighter)            Turns: 4155, Time: 00:08:10

Health: -8/60      AC: 12    Str: 18    XL:     7   Next: 30%
Magic:  7/7        EV:  3    Int:  9    God:
Gold:   189        SH:  9    Dex: 12    Spells: 0 memorised, 6 levels left

rFire  . . .     SeeInvis .     a - +0 long sword
rCold  . . .     Gourm    .     n - +0 plate armour
rNeg   . . .     Faith    .     c - +0 shield
rPois  .         Spirit   .     (no helmet)
rElec  .         Reflect  .     p - +0 cloak
rCorr  +         Harm     .     (no gloves)
MR     .....                    (no boots)
Stlth  ..........               (no amulet)
                                (no ring)
                                m - ring of resist corrosion

@: no status effects
A: no striking features
a: no special abilities


You were on level 4 of the Dungeon.
You were hungry.

You visited 1 branch of the dungeon, and saw 4 of its levels.

You collected 189 gold pieces.

Inventory:

Hand Weapons
 a - a +0 long sword (weapon)
Armour
 b - a +0 scale mail
 c - a +0 shield (worn)
 n - a +0 plate armour (worn)
 p - a +0 cloak (worn)
Jewellery
 m - a ring of resist corrosion (left hand)
Scrolls
 h - 7 scrolls of identify
 l - 2 scrolls of fear
 o - a scroll of amnesia
 q - 2 scrolls of teleportation
 r - a scroll of remove curse
Potions
 d - a potion of might
 e - 2 potions of lignification {unknown}
Comestibles
 f - 3 bread rations
 g - a meat ration
 i - a royal jelly


   Skills:
 - Level 7.2 Fighting
 + Level 3.5 Long Blades
 - Level 3.0 Armour
 - Level 3.0 Shields


You had 6 spell levels left.
You didn't know any spells.

Dungeon Overview and Level Annotations

Branches:
Dungeon (4/15)
 Temple: D:4-7

Altars:
Cheibriados
Fedhas
Gozag
Qazlal
Vehumet
The Shining One


Message History

You slash the ogre!
The ogre is moderately wounded.
The ogre hits you with a giant club.
You hit the ogre.
The ogre is moderately wounded.
You block the ogre's attack.
You hit the ogre.
The ogre is heavily wounded.
The ogre hits you with a giant club!
Your shield and plate armour prevent you from hitting the ogre.
The ogre is heavily wounded.
The ogre hits you with a giant club!!
* * * LOW HITPOINT WARNING * * *
You hit the ogre.
The ogre is heavily wounded.
You block the ogre's attack.
Your shield and plate armour prevent you from hitting the ogre.
The ogre is heavily wounded.
The ogre hits you with a giant club!
You die...

#.# ##..# #.. #.###.#.#
#.# #.##.###.## #.#
#.###...## #.#.# #.#
#.....##.###.##.# #.#
#####.##..#.# #.####
#.# #.##.#..# #.#..
###.####### #O##.#..#
#.#.# ..........#
#@##.#..###.#.####
###.#####.#
#.##.#............ #
#.# #.#
#.##.#.###........ #
#.# #.#
#.##.#.....#...... #
#.# #.#
#.##.#####...#.... #
#.#####.######.#
##.##.... #
#............#.#
#....... #
#######.####.#.#
######.#
#########.####.#.##.###
#.#


You could see an ogre.

Vanquished Creatures
  The ghost of WarriorsX the Slasher, an amateur HuFi of Makhleb (D:3)
  An orc priest (D:2)
  2 orc wizards (D:4)
  A worker ant (D:4)
  A hound skeleton (D:4)
  5 adders
  An ooze (D:3)
  An adder skeleton (D:4)
  5 leopard geckos
  9 orcs
  2 ball pythons
  2 giant cockroaches
  12 goblins
  10 hobgoblins
  4 jackals (D:1)
  7 kobolds
  2 quokkas
  12 bats
  12 rats
90 creatures vanquished.

Notes
Turn   | Place    | Note
-------+----------+-------------------------------------------
     0 | D:1      | WarriorsX the Human Fighter began the quest for the Orb.
     0 | D:1      | Reached XP level 1. HP: 18/18 MP: 1/1
   104 | D:1      | Reached XP level 2. HP: 23/24 MP: 2/2
   362 | D:1      | Reached skill level 4 in Fighting
   362 | D:1      | Reached XP level 3. HP: 25/30 MP: 3/3
   859 | D:2      | Found a blossoming altar of Fedhas.
   879 | D:2      | Reached XP level 4. HP: 31/38 MP: 4/4
  1648 | D:2      | Reached skill level 5 in Fighting
  1648 | D:2      | Reached XP level 5. HP: 9/44 MP: 5/5
  2148 | D:3      | HP: 2/44 [poisoned by an orc]
  2459 | D:3      | Found an opulent altar of Gozag.
  2459 | D:3      | Found a snail-covered altar of Cheibriados.
  2459 | D:3      | Noticed WarriorsX's ghost (amateur HuFi)
  2540 | D:3      | Found a radiant altar of Vehumet.
  2924 | D:3      | Killed WarriorsX's ghost
  2924 | D:3      | Reached skill level 7 in Fighting
  2924 | D:3      | Reached XP level 6. HP: 16/55 MP: 6/6
  3283 | D:3      | Found a glowing golden altar of the Shining One.
  3681 | D:4      | Reached XP level 7. HP: 57/60 MP: 7/7
  3759 | D:4      | Found a stormy altar of Qazlal.
  4155 | D:4      | Mangled by an ogre

Skill      XL: |  1  2  3  4  5  6  7 |
---------------+----------------------+-----
Fighting       | 4 5 7 |  7.2
Long Blades    | 3 |  3.5
Armour         | |  3.0
Shields        | |  3.0

Action                   |  1- 3 |  4- 6 |  7- 9 || total
-------------------------+-------+-------+-------++-------
Melee: Long sword        |   149 |   205 |    83 ||   437
  Use: Scroll            |       |     6 |       ||     6
       Potion            |       |     3 |       ||     3
  Eat: Chunk             |       |    10 |     1 ||    11
Armor: Scale mail        |    96 |    36 |       ||   132
       Plate armour      |       |    58 |    54 ||   112
Dodge: Dodged            |    48 |    37 |     6 ||    91
Block: Shield            |   110 |   136 |    33 ||   279
       Rpst.: Long sword |    13 |    11 |     1 ||    25
